 Dungeon Crawl Stone Soup version 0.24.0-1-gfbc8707122 (webtiles) character file.

Game seed: 400516277650814993, levelgen mode: deterministic

64 Arum the Slasher (level 3, -4/31 HPs)
             Began as a Minotaur Gladiator on Oct 28, 2019.
             Slain by a gnoll (5 damage)
             ... on level 2 of the Dungeon.
             The game lasted 00:01:54 (1138 turns).

Arum the Slasher (Minotaur Gladiator)               Turns: 1138, Time: 00:01:54

Health: -4/31      AC:  6    Str: 18 (19) XL:     3   Next: 91%
Magic:  2/2        EV: 12    Int:  4 (5)  God:
Gold:   144        SH:  0    Dex:  8 (11) Spells: 2/2 levels left

rFire    . . .     SeeInvis .   g - +1 dagger (elec)
rCold    . . .     Gourm    .   (no shield)
rNeg     . . .     Faith    .   b - +0 ring mail
rPois    .         Spirit   .   c - +0 hat
rElec    .         Reflect  .   s - +0 cloak
rCorr    .         Harm     .   (no gloves)
MR       .....                  (no boots)
Stlth    +.........             (no amulet)
HPRegen  0.10/turn              q - ring of stealth
MPRegen  0.08/turn              (no ring)

@: no status effects
A: retaliatory headbutt, horns 2
a: no special abilities


You were on level 2 of the Dungeon.
You were not hungry.

You visited 1 branch of the dungeon, and saw 2 of its levels.

You collected 144 gold pieces.

Inventory:

Hand Weapons
 a - a +0 long sword
 g - a +1 dagger of electrocution (weapon)
 w - a cursed -2 short sword
Missiles
 d - 3 throwing nets (quivered)
Armour
 b - a +0 ring mail (worn)
 c - a +0 hat (worn)
 s - a +0 cloak (worn)
Jewellery
 q - a ring of stealth (left hand)
 u - an uncursed ring of ice {unknown}
Wands
 v - a wand of paralysis (7)
Scrolls
 e - a scroll of blinking {unknown}
 i - a scroll of immolation {unknown}
 j - 3 scrolls of noise {unknown}
 k - 2 scrolls of identify {unknown}
 l - a scroll of enchant armour {unknown}
 m - 2 scrolls of remove curse {unknown}
 n - a scroll of magic mapping {unknown}
Potions
 h - a potion of degeneration
 o - a potion of flight {unknown}
 p - a potion of magic {unknown}
 t - a potion of heal wounds {unknown}
Comestibles
 f - a ration
 r - 6 chunks of flesh


   Skills:
 + Level 3.5 Fighting
 + Level 4.5 Long Blades
 - Level 2.0 Throwing
 + Level 4.1 Dodging


You had 2 spell levels left.
You didn't know any spells.
Your spell library was empty.

Dungeon Overview and Level Annotations

Branches:
Dungeon (2/15)

Altars:


Innate Abilities, Weirdness & Mutations

You reflexively headbutt those who attack you in melee.
You have a pair of horns on your head.


Message History

The gnoll hits you but does no damage. The gnoll hits you but does no damage.
You closely miss the gnoll. The gnoll closely misses you.
You hit the gnoll.
The gnoll is lightly wounded.
The gnoll hits you but does no damage.
The gnoll hits you from afar with a +0 halberd.
You closely miss the gnoll.
The gnoll is lightly wounded.
The gnoll closely misses you.
You barely miss the gnoll.
The gnoll is lightly wounded.
The gnoll hits you from afar with a +0 halberd!
* * * LOW HITPOINT WARNING * * *
The gnoll barely misses you.
It was a potion of degeneration.
There was something very wrong with that liquid.
You feel weakened.
You feel dopey.
You feel clumsy. The gnoll hits you.
You die...

.. #....# . 8.....
#....# #..... #....#
#8...8 #....# ##>##
#....# ###########....#
#### #.........#....#
...# #......<..###g.#
##...#.........)@g..#
####...............##
.... ..........##### ..
........÷.#
.#########...÷.###
#.....####.......######
...............#......#
......#...##...#####..#
.<........ #...# #.##


You could see 2 gnolls.

Vanquished Creatures
  A gnoll (D:2)
  2 leopard geckos
  4 giant cockroaches (D:1)
  4 goblins
  12 hobgoblins
  4 jackals (D:1)
  5 kobolds (D:1)
  A ball python (D:2)
  3 bats
  4 frilled lizards (D:2)
  6 rats
  2 toadstools (D:1)
48 creatures vanquished.

Vanquished Creatures (others)
  2 toadstools (D:1)
2 creatures vanquished.

Grand Total: 50 creatures vanquished

Notes
Turn   | Place    | Note
-------+----------+-------------------------------------------
     0 | D:1      | Arum the Minotaur Gladiator began the quest for the Orb.
     0 | D:1      | Reached XP level 1. HP: 18/18 MP: 0/0
   154 | D:1      | Reached XP level 2. HP: 25/25 MP: 1/1
   547 | D:1      | Reached XP level 3. HP: 26/31 MP: 2/2
   911 | D:1      | You fall into a shaft and drop 1 floor!
  1136 | D:2      | HP: 1/31 [gnoll/+0 halberd (14)]
  1138 | D:2      | Slain by a gnoll

Levels and vault maps discovered:
D:1:      ldierk_water_garden, layout_basic, minmay_pentomino_r4
D:2:      layout_rooms, nicolae_overflow_hidden_temple, minmay_puff

Skill      XL: |  1  2  3 |
---------------+----------+-----
Long Blades    | 4 |  4.5
Fighting       | 3 |  3.5
Dodging        | 4 |  4.1
Throwing       | |  2.0

Action                   || total
-------------------------++-------
Melee: Long sword        ||    10
       Headbutt          ||    16
       Dagger            ||    72
  Use: Potion            ||     1
  Eat: Chunk             ||     1
Armor: Leather armour    ||     4
       Ring mail         ||    17
Dodge: Dodged            ||    53
       Rpst.: Long sword ||     1
